Workbook
Name a: #REF!
Name CF: #REF!
Name note2010: #REF!
Name qqq: #REF!

Sheet F10 -BS
A1: PENANG GLOBAL TOURISM SDN BHD
A2: STATEMENT OF FINANCIAL POSITION
A3: AS AT MAY 31, 2020
E6: Variance | F6: Unaudited
C7: As at May 2020 | D7: As at Mat 2019 | E7: YOY | F7: YE 2019
B8: Note | C8: RM | D8: RM | E8: RM | F8: RM
A9: Non Current Assets
A10: Property, plant and equipment | B10: 1 | C10: =NTC!I16 -> 190939.85 | D10: 239986.14 | E10: =C10-D10 -> -49046.29 | F10: 188359.85
C11: =SUM(C10:C10) -> 190939.85 | D11: =SUM(D10:D10) -> 239986.14 | E11: =SUM(E10:E10) -> -49046.29 | F11: =SUM(F10:F10) -> 188359.85
A13: Current Assets
A14: Debtors & Other Debtors | C14: 4000 | D14: 33376.23 | E14: =C14-D14 -> -29376.23 | F14: 14752.5
A15: Other current assets | B15: 2 | C15: =NTC!F31 -> 46151 | D15: =NTC!G31 -> 44862 | E15: =C15-D15 -> 1289 | F15: 2937424.9
A16: Provisional for Taxation | C16: 2199.01 | D16: 2479.25 | E16: =C16-D16 -> -280.24 | F16: 1536.61
A17: Cash and bank balances | B17: 3 | C17: =NTC!F39 -> 5339544.6 | D17: =NTC!G39 -> 6237572.4 | E17: =C17-D17 -> -898027.74 | F17: 2864186.6
A19: Total current assets | C19: =SUM(C14:C18) -> 5391894.6 | D19: =SUM(D14:D18) -> 6318289.8 | E19: =SUM(E14:E18) -> -926395.21 | F19: =SUM(F14:F18) -> 5817900.6
A21: Total Assets | C21: =C11+C19 -> 5582834.5 | D21: =D11+D19 -> 6558276 | E21: =E11+E19 -> -975441.5 | F21: =F11+F19 -> 6006260.5
A23: Equity
A24: Share Capital | C24: 100003 | D24: 100003 | E24: =C24-D24 -> 0 | F24: 100003
A25: Profit & Loss A/C | C25: -100003 | D25: -100003 | E25: =C25-D25 -> 0 | F25: -100003
A26: Total Equity | C26: =SUM(C24:C25) -> 0 | D26: =SUM(D24:D25) -> 0 | E26: =SUM(E24:E25) -> 0 | F26: =SUM(F24:F25) -> 0
A28: Non-Current Liabilities | C28: 0 | D28: 0 | E28: 0 | F28: 0
A30: Total Non-Current Liabilities | C30: =SUM(C29:C29) -> 0 | D30: =SUM(D29:D29) -> 0 | E30: =SUM(E29:E29) -> 0 | F30: 0
A32: Current Liabilities
A33: Other receivables | E33: =C33-D33 -> 0 | F33: 36000
A34: Other payables and accrued Expenses | B34: 4 | C34: =NTC!F48 -> 83586.78 | D34: =NTC!G48 -> 4882.09 | E34: =C34-D34 -> 78704.69 | F34: 509264.78
A35: Deferred income | B35: 5 | C35: =NTC!F74 -> 5499247.7 | D35: =NTC!G74 -> 6553393.9 | E35: =C35-D35 -> -1054146.2 | F35: 5460359.7
A36: Amount owing to PDC | C36: 0 | D36: 0 | E36: =C36-D36 -> 0 | F36: 636
A37: Current tax payable | C37: 0 | D37: 0 | E37: =C37-D37 -> 0
A38: Total Current Liabilities | C38: =SUM(C33:C37) -> 5582834.5 | D38: =SUM(D33:D37) -> 6558276 | E38: =SUM(E33:E37) -> -975441.5 | F38: =SUM(F33:F37) -> 6006260.5
A40: Total Equity and Liabilities | C40: =C26+C38 -> 5582834.5 | D40: =D26+D38 -> 6558276 | E40: =E26+E38 -> -975441.5 | F40: =F26+F38 -> 6006260.5

Sheet F20 IS
A1: PENANG GLOBAL TOURISM SDN BHD
A2: STATEMENT OF COMPREHENSIVE INCOME
A3: FOR THE FINANCIAL PERIOD ENDED MAY 31, 2020
C6: Actual YTD May 2020 | D6: Actual YTD May 2019 | E6: Variance YOY | F6: Unaudited FYE 2019 | G6: Forecast (1+11) FYE 2018 | I6: Budget (Yearly)
B7: Note | C7: RM | D7: RM | E7: RM | F7: RM | G7: RM
A8: Revenue
A9: Sales (TIC) | C9: 1350 | D9: 5679 | E9: =C9-D9 -> -4329 | F9: 9413.2 | G9: 15320.8
A11: Less:
A12: Cost of Sales
A13: Purchases | C13: 325.6 | D13: 4218.23 | E13: =C13-D13 -> -3892.63 | F13: 6305.38 | G13: 5369.9
A14: Gross profit from operation | C14: =C9-C13 -> 1024.4 | D14: =D9-D13 -> 1460.77 | E14: =E9-E13 -> -436.37 | F14: =F9-F13 -> 3107.82 | G14: =G9-G13 -> 9950.9
A16: Other Operating Income
A17: Portion of Grant Utilised - State Govt | C17: 1774857.3 | D17: 2701280.5 | E17: =C17-D17 -> -926423.19 | F17: 9035365.1 | G17: 11127640
A18: Portion of Grant Utilised - Hotel Fee | C18: 2603672 | D18: 3091891 | E18: =C18-D18 -> -488218.93 | F18: 7891130.6 | G18: 4980000
A19: Dividen Received | C19: 0 | D19: 1.21 | E19: =C19-D19 -> -1.21 | F19: 1.21 | G19: 14.88
A20: Interest Received | B20: 6 | C20: 25621.08 | D20: 55808.17 | E20: 0 | F20: 115379.59 | G20: 97331.02
A21: Other Income | C21: 26400 | D21: 7000 | E21: =C21-D21 -> 19400 | F21: 7000 | G21: 97331.02
A22: Total Other operating income | C22: =SUM(C17:C21) -> 4430550.4 | D22: =SUM(D17:D21) -> 5855980.8 | E22: =SUM(E17:E21) -> -1395243.3 | F22: =SUM(F17:F21) -> 17048876 | G22: =SUM(G17:G21) -> 16302317
A23: Profit from operation | C23: =C22+C14 -> 4431574.8 | D23: =D22+D14 -> 5857441.6 | E23: =E22+E14 -> -1395679.7 | F23: =F22+F14 -> 17051984 | G23: =G22+G14 -> 16312267
A25: Administration and general expenses
A26: Salary | C26: 436579 | D26: 475106.69 | E26: =C26-D26 -> -38527.69 | F26: 1125397.7 | G26: 1324860 | I26: 1200060 | J26: =I26/12*7 -> 700035
A27: Allowance | C27: 5740 | D27: 4500 | E27: =C27-D27 -> 1240 | F27: 12400 | G27: 8400 | I27: 8400 | J27: =I27/12*7 -> 4900
A28: Bonus/Incentive | C28: 40151.76 | D28: 41386.23 | E28: =C28-D28 -> -1234.47 | F28: 85486.23 | G28: 220810 | I28: 200010 | J28: =I28/12*7 -> 116672.5
A29: Epf | C29: 54076 | D29: 57742 | E29: =C29-D29 -> -3666 | F29: 136071 | G29: 200937.1 | I29: 182009.1 | J29: =I29/12*7 -> 106171.98
A30: Socso | C30: 5230.25 | D30: 5915.3 | E30: =C30-D30 -> -685.05 | F30: 13881.7 | G30: 15000 | I30: 15000 | J30: =I30/12*7 -> 8750
A31: EIS | C31: 577.9 | D31: 652.1 | E31: =C31-D31 -> -74.2 | F31: 1506.9 | G31: 1579.2
A32: Medical Fee | C32: 188 | D32: 172 | E32: =C32-D32 -> 16 | F32: 1492 | G32: 8240 | I32: 8240 | J32: =I32/12*7 -> 4806.6667
A33: Overtime | C33: 2136.79 | D33: 1000.96 | E33: =C33-D33 -> 1135.83 | F33: 2775.89 | G33: 2400 | I33: 2400 | J33: =I33/12*7 -> 1400
A34: Insurance | C34: 41910.07 | D34: 39927.28 | E34: =C34-D34 -> 1982.79 | F34: 41866.34 | G34: 47000 | I34: 45000 | J34: =I34/12*7 -> 26250
A35: Trainee & Trainer Allowance | C35: 2759.45 | D35: 135.5 | E35: =C35-D35 -> 2623.95 | F35: 4689.68 | G35: 0 | I35: 10000 | J35: =I35/12*7 -> 5833.3333
A36: Mileage/Toll Claims/Petrol | C36: 4575.66 | D36: 7504.37 | E36: =C36-D36 -> -2928.71 | F36: 18408.37 | G36: 18000 | I36: 21000 | J36: =I36/12*7 -> 12250
A37: Training & Development | D37: 159 | E37: =C37-D37 -> -159 | F37: 159 | G37: 24000 | I37: 25000 | J37: =I37/12*7 -> 14583.333
A38: Staff Uniform | D38: 4000 | E38: =C38-D38 -> -4000 | F38: 4000 | G38: 4000 | I38: 4000 | J38: =I38/12*7 -> 2333.3333
A39: Team Building & Others | E39: =C39-D39 -> 0 | G39: 7200 | I39: 6800 | J39: =I39/12*7 -> 3966.6667
A40: Annual Dinner | C40: 3125 | D40: 2606.8 | E40: =C40-D40 -> 518.2 | F40: 2606.8 | G40: 9000 | I40: 12000 | J40: 0
A41: Telephone/Emails/Fax | C41: 10114.75 | D41: 11152.49 | E41: =C41-D41 -> -1037.74 | F41: 31079.99 | G41: 42636 | I41: 42636 | J41: =I41/12*7 -> 24871
A42: Postage & Courier | C42: 838.85 | D42: 6857.38 | E42: =C42-D42 -> -6018.53 | F42: 18739.5 | G42: 20000 | I42: 20000 | J42: =I42/12*7 -> 11666.667
A43: Office Rental | C43: 30192 | D43: 50320 | E43: =C43-D43 -> -20128 | F43: 120768 | G43: 128014.08 | I43: 136300 | J43: =I43/12*7 -> 79508.333
A44: Stationery & Supplies | C44: 735.7 | D44: 2491.1 | E44: =C44-D44 -> -1755.4 | F44: 4571.7 | G44: 6000 | I44: 6000 | J44: =I44/12*7 -> 3500
A45: Photostating & Others/Photography | C45: 3712.86 | D45: 14754.19 | E45: =C45-D45 -> -11041.33 | F45: 27393.06 | G45: 20000 | I45: 20000 | J45: =I45/12*7 -> 11666.667
A46: Newspaper /Books | C46: 179 | E46: =C46-D46 -> 179 | F46: 1989.5 | G46: 2000 | I46: 2000 | J46: =I46/12*7 -> 1166.6667
A47: Office Upkeep & Expenses | C47: 6366.8 | D47: 7328.8 | E47: =C47-D47 -> -962 | F47: 36436.64 | G47: 33500 | I47: 31000 | J47: =I47/12*7 -> 18083.333
A48: Refreshment / Food | C48: 1773 | D48: 3240.8 | E48: =C48-D48 -> -1467.8 | F48: 7483.26 | G48: 8200 | I48: 2100 | J48: =I48/12*7 -> 1225
A49: Meeting Expenses | C49: 165 | D49: 182 | E49: =C49-D49 -> -17 | F49: 352 | G49: 1500 | I49: 1500 | J49: =I49/12*7 -> 875
A50: Upkeep Of M/Vehicle | C50: 582.2 | D50: 408 | E50: =C50-D50 -> 174.2 | F50: 2326.9 | G50: 5500 | I50: 5500 | J50: =I50/12*7 -> 3208.3333
A51: Miscellaneous Expenses | C51: -0.72 | E51: =C51-D51 -> -0.72 | F51: 0.72
A52: Electricity & Water | C52: 8881.85 | D52: 12530.11 | E52: =C52-D52 -> -3648.26 | F52: 25977.71 | G52: 31000 | I52: 31000 | J52: =I52/12*7 -> 18083.333
A53: Trade Mark | C53: 1518 | D53: 0 | E53: =C53-D53 -> 1518
A54: Directors' Meeting Allowance | E54: =C54-D54 -> 0 | F54: 7850 | G54: 12250 | I54: 12250 | J54: 0
A55: Audit Fee | E55: =C55-D55 -> 0 | F55: 5000 | G55: 5000 | I55: 5000 | J55: 0
A56: Accounting Fee | C56: 2360 | D56: 3359.2 | E56: =C56-D56 -> -999.2 | F56: 12116.8 | G56: 9900 | I56: 9900 | J56: =I56/12*7 -> 5775
A57: Secretarial Fee | C57: 318 | D57: 954 | E57: =C57-D57 -> -636 | F57: 2545.54 | G57: 3000 | I57: 3000 | J57: =I57/12*7 -> 1750
A58: I/Tax Consultancy Fee | E58: =C58-D58 -> 0 | F58: 4960.8 | G58: 4500 | I58: 3000 | J58: =I58/12*7 -> 1750
A59: Bank Charges | C59: 192.78 | D59: 295.43 | E59: =C59-D59 -> -102.65 | F59: 1334.86 | G59: 1000 | I59: 1000 | J59: =I59/12*7 -> 583.33333
A60: Filing Fee | E60: =C60-D60 -> 0 | F60: 200 | G60: 180 | I60: 180 | J60: 180
A61: Gain/Loss Of Forex Exchange | E61: =C61-D61 -> 0 | F61: 1167.49 | G61: 1000 | I61: 1000 | J61: =I61/12*7 -> 583.33333
A62: License Fee - Tic | C62: 330 | D62: 330 | E62: =C62-D62 -> 0 | F62: 330 | G62: 330 | I62: 330 | J62: 330
A63: Fixed Asset Written Off | E63: =C63-D63 -> 0 | F63: 6310.2 | G63: 0
A64: Depreciation Of Fixed Assets | E64: =C64-D64 -> 0 | F64: 60442.09 | G64: 0 | I64: 0 | K64: =SUM(C26:C64) -> 665309.95
G65: 0
A66: Operation Cost | E66: =C66-D66 -> 0 | G66: 0
A67: Local Travel | C67: 3443.17 | D67: 7842.79 | E67: =C67-D67 -> -4399.62 | F67: 11405.22 | G67: 105000 | I67: 105000 | J67: =I67/12*7 -> 61250
A68: Advertisement | C68: 287412.72 | D68: 274704.6 | E68: =C68-D68 -> 12708.12 | F68: 1418620.9 | G68: 1317120 | I68: 845000 | J68: =I68/12*7 -> 492916.67
A69: Printing Of Publication/Brochures | C69: 55224 | D69: 168798.35 | E69: =C69-D69 -> -113574.35 | F69: 374560.18 | G69: 374300 | I69: 368300 | J69: =I69/12*7 -> 214841.67
A70: Souvenirs/Gifts | C70: 16666.4 | D70: 66489.57 | E70: =C70-D70 -> -49823.17 | F70: 171683.87 | G70: 165000 | I70: 150000 | J70: =I70/12*7 -> 87500
A71: Brochure Showcase Rack | E71: =C71-D71 -> 0 | F71: 11500 | G71: 0 | I71: 0
A72: Banner/Streamers & Artwork | C72: 300 | D72: 2667 | E72: =C72-D72 -> -2367 | F72: 6365.8 | G72: 6000 | I72: 6000 | J72: =I72/12*7 -> 3500
A73: Brochure Distribution Fee | C73: 7135.48 | D73: 13264.51 | E73: =C73-D73 -> -6129.03 | F73: 32864.51 | G73: 30000 | I73: 30000 | J73: =I73/12*7 -> 17500
A74: Dev. Ofpg Mobile Application | C74: 3180 | D74: 6360 | E74: =C74-D74 -> -3180 | F74: 12720 | G74: 40000 | I74: 0
A75: Tourism Media Campaign | D75: 46784.76 | E75: =C75-D75 -> -46784.76 | F75: 46784.76 | G75: 1600000 | I75: 1750000 | J75: =I75/12*7 -> 1020833.3
A76: Photo/Video Archiving | C76: 2348 | D76: 7800 | E76: =C76-D76 -> -5452 | F76: 23400 | G76: 53000 | I76: 66000 | J76: =I76/12*7 -> 38500
A77: Dev Of Pgt Website | C77: 650 | D77: 5060 | E77: =C77-D77 -> -4410 | F77: 14250 | G77: 80000 | I77: 27000 | J77: =I77/12*7 -> 15750
A78: Video Production | C78: 48680 | D78: 39375 | E78: =C78-D78 -> 9305 | F78: 126200 | G78: 84800 | I78: 84800 | J78: =I78/12*7 -> 49466.667
A79: Publicity For Events | C79: 57164.8 | D79: 224391.66 | E79: =C79-D79 -> -167226.86 | F79: 498341.3 | G79: 579880 | I79: 765000 | J79: =I79/12*7 -> 446250
A80: Online Promotion | E80: =C80-D80 -> 0
A81: Tactical Campaign | C81: 37950 | D81: 210 | E81: =C81-D81 -> 37740 | F81: 882673.51 | G81: 1504000 | I81: 1280000 | J81: =I81/12*7 -> 746666.67
A82: Tourism Survey | E82: =C82-D82 -> 0 | G82: 200000 | I82: 200000 | J82: =I82/12*7 -> 116666.67
A83: Copywritting/Translation | C83: 24941.5 | D83: 81180.5 | E83: =C83-D83 -> -56239 | F83: 118710.56 | G83: 53000 | I83: 84800 | J83: =I83/12*7 -> 49466.667
A84: Hosting Of Events | C84: 56057.69 | D84: 260365.31 | E84: =C84-D84 -> -204307.62 | F84: 768644.07 | G84: 1722000 | I84: 2894000 | J84: =I84/12*7 -> 1688166.7
A85: Tourism Promotion (Trade Show) | C85: 260771.28 | D85: 604613.65 | E85: =C85-D85 -> -343842.37 | F85: 881112.57 | G85: 1045000 | I85: 1066000 | J85: =I85/12*7 -> 621833.33
A86: Experience Penang 2020 (Roadshow) | C86: 51598.82 | D86: 196807.05 | E86: =C86-D86 -> -145208.23 | F86: 1015239.1
A87: State Tourism - Tourism Promotion | D87: 3824.15 | E87: =C87-D87 -> -3824.15 | F87: 3824.15 | G87: 30000 | I87: 30000 | J87: =I87/12*7 -> 17500
A88: Tourism Master Plan ** | C88: 9835.52 | E88: =C88-D88 -> 9835.52 | F88: 497894.96
A89: Penang Asian Comic Museum (Lot Rental) ** | C89: 164945.44 | E89: =C89-D89 -> 164945.44 | F89: 413940
A90: JIIP - Matta Fair KL & Penang Raodshow ** | C90: 74288 | E90: =C90-D90 -> 74288 | F90: 0
A91: Local Govt Fee - China Tactical Campaign | C91: 350220.01 | D91: 84000 | E91: =C91-D91 -> 266220.01 | F91: 493337.85 | G91: 1980000 | I91: 2160000 | J91: =I91/12*7 -> 1260000
A92: Local Govt Fee - China Trade Shows | D92: 277295.25 | E92: =C92-D92 -> -277295.25 | F92: 500177.58
A93: Local Govt Fee - China Roadshow | D93: 559740.97 | E93: =C93-D93 -> -559740.97 | F93: 714958.28
A94: Local Govt Fee - Pg Int Food Festival | C94: 700000 | D94: 1200630.2 | E94: =C94-D94 -> -500630.22 | F94: 1500820.2 | G94: 1500000 | I94: 1500000 | J94: 1500000
A95: Local Govt Fee - Pg Hot Air Balloon Fiesta | C95: 998835.55 | D95: 880242.42 | E95: =C95-D95 -> 118593.13 | F95: 881702.42 | G95: 1000000
A96: Local Govt Fee - Pg Street Food Festival | E96: =C96-D96 -> 0 | F96: 339873.73 | G96: 0
A97: Local Govt Fee - Penang Esports | E97: =C97-D97 -> 0 | F97: 731891.3
A98: Local Govt Fee - Itb Asia Sg | D98: -33000 | E98: =C98-D98 -> 33000 | F98: 422757.28 | G98: 0 | I98: 400000 | J98: 0
A99: Local Govt Fee - Qatar Marketing Campaign | D99: 82737.41 | E99: =C99-D99 -> -82737.41 | F99: 112667.16
A100: Local Govt Fee - Asian Food & Cultural Festival | E100: =C100-D100 -> 0 | F100: 1000035.3
A101: Local Govt Fee - In-flight Magazine (Qatar, Qantas, Wesmile & Citilink | C101: 199681.56 | D101: 56888.1 | E101: =C101-D101 -> 142793.46 | F101: 304458.08
A102: Local Govt Fee - Pg Int Container Art Festival | C102: 360000 | E102: =C102-D102 -> 360000 | F102: 720000
A103: Local Govt Fee - Study Penang | C103: 3716.37 | D103: -3491.2 | E103: =C103-D103 -> 7207.57 | F103: 44928.27
A104: Local Govt Fee - PMED | C104: -8781.45 | D104: -13152.2 | E104: =C104-D104 -> 4370.75 | F104: 123523.08 | K104: =SUM(C67:C104) -> 3766264.9
A105: Total Administration & Operation Cost | C105: =SUM(C26:C104) -> 4431574.8 | D105: =SUM(D26:D104) -> 5857441.6 | E105: =SUM(E26:E104) -> -1425866.8 | F105: =SUM(F26:F104) -> 17051984 | G105: =SUM(G26:G104) -> 15696036
...

Sheet NTC
A1: PENANG GLOBAL TOURISM SDN BHD
A2: NOTE TO ACCOUNT
A4: 1) | B4: PROPERTY, PLANT AND EQUIPMENT
B5: Property, plant and equipment consist of the following:
D7: COST
D8: Balance as of 1 Jan 2020 (RM) | E8: Additions (RM) | F8: Disposal (RM) | G8: Balance as of 31 Dec 2020 (RM) | I8: Net Book Value (Balance as at Dec 31, 2020)
B9: Computers | D9: 92281.2 | E9: 2580 | G9: =D9+E9-F9 -> 94861.2 | I9: =9048.92+E9 -> 11628.92
B10: Office Equipment | D10: 57885.8 | F10: 0 | G10: =D10+E10 -> 57885.8 | I10: 15117.26
B11: Furniture & Fitting | D11: 149499.25 | E11: 0 | F11: 0 | G11: =D11+E11 -> 149499.25 | I11: 46137.36
B12: Software | D12: 12350.99 | E12: 0 | F12: 0 | G12: =D12+E12 -> 12350.99 | I12: 38.75
B13: Motor Vehicle | D13: 147403.2 | F13: 0 | G13: =D13+E13 -> 147403.2 | I13: 116643.56
B14: Office Renovation | D14: 182935.5 | E14: 0 | F14: 0 | G14: =D14+E14 -> 182935.5 | I14: 1372
B15: Electrical Installation | D15: 136718 | E15: 0 | F15: 0 | G15: =D15+E15 -> 136718 | I15: 2
D16: =SUM(D9:D15) -> 779073.94 | E16: =SUM(E9:E15) -> 2580 | F16: =SUM(F9:F15) -> 0 | G16: =SUM(G9:G15) -> 781653.94 | I16: =SUM(I9:I15) -> 190939.85
A19: 2) | B19: OTHER RECEIVABLES
F20: Nov 2017 | G20: Nov 2016
B21: Debtors | F21: 0 | G21: 0
F22: =SUM(F21:F21) -> 0 | G22: =SUM(G21:G21) -> 0
A24: 2) | B24: OTHER CURRENT ASSETS
F26: May 2020 | G26: May 2019
B27: Deposit refundable | F27: 46151 | G27: 44862
B28: Amount Owing from State Govt. | F28: 0 | G28: 0
B29: Cash Advances | F29: 0 | G29: 0
F31: =SUM(F27:F30) -> 46151 | G31: =SUM(G27:G30) -> 44862
A33: 3) | B33: CASH & BANK BALANCES
F34: May 2020 | G34: May 2019
B35: Cash in hand | F35: 839.24 | G35: 603.39
B36: Cash at bank :-
B37: Current account | F37: 3214730.3 | G37: 3198186.4
B38: Short term money market deposit | F38: 2123975.1 | G38: 3038782.6
F39: =SUM(F35:F38) -> 5339544.6 | G39: =SUM(G35:G38) -> 6237572.4
A41: 4) | B41: OTHER PAYABLE AND ACCRUED EXPENSES
F42: May 2020 | G42: May 2019
B44: Other payable | F44: 444.8 | G44: 532.1
B45: Other Receivable
B46: Amount Owing to PDC Premier
B47: Accrued Expenses | F47: 83141.98 | G47: 4349.99
F48: =SUM(F44:F47) -> 83586.78 | G48: =SUM(G44:G47) -> 4882.09
A50: 5) | B50: DEFERRED INCOME
F51: May 2020 | G51: May 2019
B52: Balance at beginning of the year | F52: 5460356.1 | G52: 5843817.3
B53: Government grant received as at 31 May | F53: 4413940 | G53: 6502000
B54: Total government grant available | F54: =SUM(F52:F53) -> 9874296.1 | G54: =SUM(G52:G53) -> 12345817
B56: Accrued expenses overstated in prior year | F56: 3480.95 | G56: 748.07
B58: Surplus grant yet refund | F58: =F54+F56 -> 9877777 | G58: =G54+G56 -> 12346565
B60: Add :
C61: Interest received | F61: 25621.08 | G61: 55808.17
C62: Other income | F62: 26400 | G62: 7000
C63: Merchandise Sales | F63: 1350 | G63: 5679
C64: Total | F64: =SUM(F61:F63) -> 53371.08 | G64: =SUM(G61:G63) -> 68487.17
B66: Less:
C67: Merchandise cost | F67: 325.6 | G67: -4218.23
C68: Operating Expenses | F68: -3766264.9 | G68: -5102429.9
C69: Administration Expenses | F69: -665309.95 | G69: -755011.73
C70: Taxation | F70: 0 | G70: 0
C71: Total Expenditure | F71: =SUM(F67:F70) -> -4431249.2 | G71: =SUM(G67:G70) -> -5861659.8
B73: Portion of government grant utilised as at 31 May 2020 | F73: -4378529.3 | G73: -5793171.5
B74: Balance as at 31 May 2020 | F74: =F54+F56+F73 -> 5499247.7 | G74: =G54+G56+G73 -> 6553393.9 | K74: 5499247.7
K75: =K74-F74 -> 0
A76: 6) | B76: Interest Received | F76: May 2020 | G76: May 2019
B78: Interest from RHB STMMD (May) | E78: *non taxable | F78: 24811.28 | G78: 54139.27
B79: Rebate from RHB STMMD | E79: *non taxable | F79: 809.8 | G79: 1668.99
F80: =SUM(F78:F79) -> 25621.08 | G80: =SUM(G78:G79) -> 55808.26
